 Dungeon Crawl Stone Soup version 0.28.0-53-g5a82cb258f (webtiles) character file.

Game seed: 16630005687185357995

2005 jjjjhere the Cleaver (level 9, 0/70 HPs)
             Began as a Minotaur Hunter on Oct 22, 2022.
             Was a High Priest of Elyvilon.
             Slain by a troll (9 damage)
             ... on level 7 of the Dungeon.
             The game lasted 00:08:11 (6061 turns).

jjjjhere the Cleaver (Minotaur Hunter)              Turns: 6061, Time: 00:08:11

Health: 0/70       AC:  7    Str: 21    XL:     9   Next: 2%
Magic:  6/8        EV: 10    Int:  8    God:    Elyvilon [*****.]
Gold:   281        SH:  4    Dex: 11    Spells: 8/8 levels left

rFire   . . .      SeeInvis .   m - +9 hand axe of the Candle {speed, rPois rC+ Stlth+}
rCold   + . .      Faith    .   g - +0 buckler
rNeg    . . .      Spirit   .   w - +0 scale mail
rPois   +          Reflect  .   (helmet restricted)
rElec   .          Harm     .   (no cloak)
rCorr   .          Rampage  .   n - +0 pair of gloves
Will    +....                   (no boots)
Stlth   +.........              (no amulet)
HPRegen 0.21/turn               t - ring of willpower
MPRegen 0.11/turn               (no ring)

@: no status effects
A: horns 2, retaliatory headbutt
a: Renounce Religion, Purification, Heal Other, Heal Self, Divine Vigour


You were on level 7 of the Dungeon.
You worshipped Elyvilon.
Elyvilon was extremely pleased with you.
You visited 1 branch of the dungeon, and saw 7 of its levels.

You collected 281 gold pieces.

Inventory:

Hand Weapons
 i - the +3 short sword "Hydra's Nightmare" {elec, Str+5}
   (You found it on level 2 of the Dungeon)

   It occasionally discharges a powerful burst of electricity upon striking a
   foe.
   Str:       It affects your strength (+5).
 m - the +9 hand axe of the Candle (weapon) {speed, rPois rC+ Stlth+}
   (You found it on level 2 of the Dungeon)

   Attacks with this weapon are significantly faster.
   rC:        It protects you from cold.
   rPois:     It protects you from poison.
   Stlth:     It makes you more stealthy.
 C - a +0 morningstar of protection
Missiles
 c - 6 javelins (quivered)
 d - 2 throwing nets
 j - 6 boomerangs
Armour
 g - a +0 buckler (worn)
 n - a +0 pair of gloves (worn)
 w - a +0 scale mail (worn)
Jewellery
 s - an amulet of magic regeneration
 t - a ring of willpower (left hand)
Wands
 x - a wand of paralysis (10)
Scrolls
 b - 2 scrolls of fog {unknown}
 e - a scroll of blinking
 f - a scroll of amnesia {unknown}
 l - 3 scrolls of teleportation {unknown}
 p - a scroll of holy word {unknown}
 u - a scroll of summoning
 v - 2 scrolls of noise {unknown}
 y - a scroll of fear
Potions
 a - 2 potions of mutation
 h - a potion of attraction
 k - a potion of might
 o - a potion of brilliance
 q - a potion of berserk rage
 r - a potion of heal wounds
 z - a potion of haste
 A - 2 potions of lignification {unknown}
 B - a potion of curing {unknown}


   Skills:
 - Level 3.6 Fighting
 + Level 13.0 Axes
 - Level 4.0 Throwing
 - Level 2.1 Dodging
 - Level 0.7 Stealth
 - Level 3.4 Shields
 + Level 0.0 Invocations


You had 8 spell levels left.
You didn't know any spells.
Your spell library contained the following spells:

 Spells                   Type           Power      Damage    Failure   Level
 Magic Dart               Conj           0%         1d3       86%         1
 Blink                    Tloc           0%         N/A       94%         2
 Call Imp                 Summ           0%         N/A       94%         2
 Conjure Flame            Conj/Fire      0%         6-21      99%         3
 Ignite Poison            Fire/Tmut/Pois 0%         N/A       99%         3
 Mephitic Cloud           Conj/Pois/Air  0%         N/A       99%         3
 Sticky Flame             Conj/Fire      0%         2d3       100%        4
 Freezing Cloud           Conj/Ice/Air   0%         6-21      100%        5
 Manifold Assault         Tloc           0%         N/A       100%        5
 Storm Form               Tmut/Air       0%         N/A       100%        7


Dungeon Overview and Level Annotations

Branches:
Dungeon (7/15)             Temple (0/1) D:6

Altars:
Elyvilon
Fedhas
Okawaru
Trog
The Shining One

Shops:
D:7 (

Annotations:
D:4 3 runed translucent doors, Diggabert's ghost, amateur DECj; Hector's ghost, novice DjCA; jjjjhere's ghost, amateur KoCj; macfelon's ghost, amateur DECj


Innate Abilities, Weirdness & Mutations

You have a pair of horns on your head.
You reflexively headbutt those who attack you in melee.


Message History

Aiming: Paralyse
Press: ? - help, Shift-Dir - straight line, f/p - troll
Aim: a troll (chance to affect: 49%)
The troll resists with some effort.
The troll bites you but does no damage. The troll barely misses you.
The troll claws you.
Aiming: Paralyse
Press: ? - help, Shift-Dir - straight line, f/p - troll
Aim: a troll (chance to affect: 49%)
The troll resists with some effort.
The orc priest calls down the wrath of Beogh upon you.
Beogh smites you! The troll bites you. You block the troll's attack.
The troll claws you.
Aiming: Paralyse
Press: ? - help, Shift-Dir - straight line, f/p - troll
Aim: a troll (chance to affect: 49%)
The troll resists with some effort.
The troll barely misses you. You furiously retaliate!
You headbutt the troll. The troll claws you! The troll barely misses you.
The orc priest miscasts a cantrip.
You see here a +0 robe.
There is an escape hatch in the floor here.
The troll bites you but does no damage. The troll claws you. x2
You slide downwards.
The hatch slams shut behind you.
The centaur shouts!
You hear an angry hiss.
Found a scroll labelled ABLAIF NIHA and an iron ring.
Found Vadazyc's Antique Weapon Shop.
The centaur wields a +0 shortbow.
The centaur shoots an arrow.
The arrow misses you. The troll bites you! You block the troll's attack.
The troll claws you. The troll barely misses you. You furiously retaliate!
You headbutt the troll! The troll claws you! x2
* * * LOW HITPOINT WARNING * * *
The centaur shoots an arrow.
The arrow hits you!
* * * LOW HITPOINT WARNING * * *
The troll closely misses you. The troll barely misses you.
The troll closely misses you.
You are healed.
The troll bites you!
* * * LOW HITPOINT WARNING * * *
The troll claws you!
You die...

........... ..
.........#
..#######...c.....
............=.....
..................
....?........#
.............#+
........T.....#
...#...@......#
#..........#
#..........#
#.....^.....#
.............#
....##........#
..... #........
..... ##.......


You could see a troll and a centaur.

Vanquished Creatures
  Pikel (D:6)
  A wraith (D:6)
  Eustachio (D:5)
  Edmund (D:5)
  A water moccasin (D:6)
  A black bear (D:6)
  A lemure (D:6)
  A scorpion (D:4)
  A wyvern skeleton (D:5)
  3 water moccasin skeletons
  3 wights (D:6)
  2 hounds
  2 centaur skeletons
  2 jellies
  A bullfrog skeleton (D:5)
  2 orc priests (D:4)
  Ijyb (D:5)
  2 iguanas
  2 orc wizards (D:4)
  A hound zombie (D:5)
  A hound skeleton (D:4)
  Robin (D:2)
  4 gnolls
  5 adders
  A white imp (D:6)
  A worm (D:3)
  A dart slug (D:2)
  11 orcs
  3 endoplasms
  8 giant cockroaches
  17 goblins
  9 hobgoblins
  9 jackals
  3 quokkas
  7 ball pythons
  4 bats
  3 frilled lizards
  12 kobolds
  4 rats (D:2)
134 creatures vanquished.

Vanquished Creatures (others)
  3 fungi (D:2)
  7 plants
  2 withered plants (D:4)
12 creatures vanquished.

Grand Total: 146 creatures vanquished

Notes
Turn   | Place    | Note
-------+----------+-------------------------------------------
     0 | D:1      | jjjjhere the Minotaur Hunter began the quest for the Orb.
     0 | D:1      | Reached XP level 1. HP: 18/18 MP: 0/0
   154 | D:1      | Reached XP level 2. HP: 26/26 MP: 1/1
   683 | D:2      | Reached skill level 1 in Axes
   744 | D:2      | Identified the +3 short sword "Hydra's Nightmare" {elec,
                  | Str+5}
   797 | D:2      | Reached skill level 2 in Axes
   797 | D:2      | Reached XP level 3. HP: 27/31 MP: 2/2
   928 | D:2      | Found a faded altar of an unknown god.
   948 | D:2      | Prayed at the altar of an unknown god.
   948 | D:2      | Became a worshipper of Elyvilon the Healer
   948 | D:2      | Reached * piety under Elyvilon
   959 | D:2      | Found a blossoming altar of Fedhas.
  1089 | D:2      | Identified the +9 hand axe of the Candle {speed, rPois rC+
                  | Stlth+}
  1099 | D:2      | Noticed Robin
  1105 | D:2      | Reached skill level 3 in Axes
  1127 | D:2      | Killed Robin
  1128 | D:2      | Reached XP level 4. HP: 28/39 MP: 3/3
  1727 | D:3      | Reached skill level 4 in Axes
  1820 | D:3      | Reached ** piety under Elyvilon
  2001 | D:3      | Reached skill level 5 in Axes
  2001 | D:3      | Reached XP level 5. HP: 45/45 MP: 4/4
  2086 | D:3      | Found a glowing golden altar of the Shining One.
  2258 | D:3      | Found a bloodstained altar of Trog.
  2418 | D:4      | Noticed Hector's ghost (novice DjCA)
  2418 | D:4      | Found a runed translucent gate.
  2418 | D:4      | Found a runed translucent gate.
  2418 | D:4      | Found a runed translucent gate.
  2419 | D:4      | Noticed Diggabert's ghost (amateur DECj)
  2420 | D:4      | Noticed jjjjhere's ghost (amateur KoCj)
  2420 | D:4      | Noticed macfelon's ghost (amateur DECj)
  2531 | D:4      | Reached skill level 6 in Axes
  2585 | D:4      | Reached XP level 6. HP: 51/51 MP: 5/5
  2657 | D:4      | Reached skill level 7 in Axes
  2873 | D:4      | Reached *** piety under Elyvilon
  3030 | D:4      | Reached skill level 8 in Axes
  3378 | D:5      | Entered Level 5 of the Dungeon
  3416 | D:5      | Reached skill level 1 in Shields
  3416 | D:5      | Reached XP level 7. HP: 52/57 MP: 6/6
  3534 | D:5      | Noticed Ijyb
  3549 | D:5      | Killed Ijyb
  3816 | D:5      | Noticed Eustachio
  3842 | D:5      | Killed Eustachio
  3938 | D:5      | Reached **** piety under Elyvilon
  4002 | D:5      | Reached skill level 9 in Axes
  4039 | D:5      | Noticed Edmund
  4051 | D:5      | Killed Edmund
  4328 | D:5      | Found an iron altar of Okawaru.
  4338 | D:5      | Reached XP level 8. HP: 62/64 MP: 7/7
  4415 | D:5      | Reached skill level 10 in Axes
  4640 | D:6      | Noticed Pikel
  4648 | D:6      | Killed Pikel
  4649 | D:6      | Reached skill level 11 in Axes
  4928 | D:6      | Found a staircase to the Ecumenical Temple.
  4986 | D:6      | Reached skill level 12 in Axes
  5312 | D:6      | Reached ***** piety under Elyvilon
  5437 | D:6      | Reached skill level 13 in Axes
  5437 | D:6      | Reached XP level 9. HP: 53/70 MP: 8/8
  5703 | D:6      | Noticed a troll
  5715 | D:6      | HP: 23/70 [troll (9)]
  6056 | D:7      | Found Vadazyc's Antique Weapon Shop.
  6058 | D:7      | HP: 22/70 [troll (9)]
  6059 | D:7      | HP: 6/70 [centaur/arrow (7)]
  6061 | D:7      | Slain by a troll

Illustrated notes

Levels and vault maps discovered:
D:1:      amcnicky_arrival_double_pillar, layout_basic
D:2:      layout_loops_ring, basic_altar, dreamdust_ecumenical_altar_grove,
          kennysheep_generic_room_9, uniq_robin
D:3:      layout_loops_ring, lemuel_tele_altar, trog_hazing_becter,
          chequers_serial_rivers_micro_e
D:4:      layout_basic, gammafunk_ghost_cemetery, serial_bayou_crossing
D:5:      layout_basic, okawaru_altar_gauntlet_db, uniq_eustachio, uniq_ijyb,
          uniq_edmund
D:6:      layout_basic, minmay_temple_entry_antechambers, uniq_pikel
D:7:      layout_basic, serial_shops, nicolae_shop_stone

Skill      XL: |  1  2  3  4  5  6  7  8 |
---------------+-------------------------+-----
Fighting       | 3 |  3.6
Axes           | 2 3 5 6 8 9 13 | 13.0
Shields        | 1 3 |  3.4
Throwing       | |  4.0
Dodging        | |  2.1
Stealth        | |  0.7

Action                   |  1- 3 |  4- 6 |  7- 9 || total
-------------------------+-------+-------+-------++-------
Melee: Short sword       |    52 |       |       ||    52
       Headbutt          |     7 |    11 |    26 ||    44
       War axe           |    11 |       |       ||    11
       Hand axe          |    16 |    96 |   111 ||   223
       Punch             |       |     1 |       ||     1
Invok: Heal Self         |       |       |     1 ||     1
Evoke: Wand              |       |       |     4 ||     4
  Use: Scroll            |       |       |    12 ||    12
 Stab: Sleeping          |       |     4 |       ||     4
Armor: Leather armour    |     4 |       |       ||     4
       Ring mail         |    25 |    15 |       ||    40
       Scale mail        |       |     5 |    23 ||    28
Dodge: Dodged            |    64 |    43 |    35 ||   142
Block: Buckler           |       |     2 |    24 ||    26
